 Dungeon Crawl Stone Soup version 0.30.0-29-ga12c61a403 (webtiles) character file.

Game seed: 3131853637958376307

674 growler the Zephyrmancer (level 7, 0/36 HPs)
             Began as a Tengu Air Elementalist on June 19, 2023.
             Succumbed to Eustachio's poison
             ... on level 4 of the Dungeon on June 20, 2023.
             The game lasted 00:16:27 (5365 turns).

growler the Zephyrmancer (Tengu Air Elementalist)   Turns: 5365, Time: 00:16:28

Health: 0/36       AC:  2    Str:  8      XL:     7   Next: 59%
Magic:  6/15       EV: 14    Int: 15 (18) God:
Gold:   189        SH:  0    Dex: 11 (14) Spells: 6/16 levels left

rFire   . . .        (no weapon)
rCold   . . .        (no shield)
rNeg    . . .        a - +0 robe
rPois   .            (helmet restricted)
rElec   .            (no cloak)
rCorr   .            (no gloves)
SInv    .            (boots unavailable)
Will    +....        (no amulet)
Stlth   ++           d - ring of willpower
HPRegen 0.26/turn    (no ring)
MPRegen 0.14/turn

%: clarity
@: lethally poisoned (0 -> -21), flying quickly and evasively, quick
A: beak, talons 3, nimble flight, clarity, deterioration 1
a: no special abilities


You were on level 4 of the Dungeon.
You visited 1 branch of the dungeon, and saw 4 of its levels.

You collected 189 gold pieces.

Inventory:

Armour
 a - a +0 robe (worn)
Jewellery
 d - a ring of willpower (left hand)
 f - an amulet of the acrobat
 h - a +6 ring of dexterity
 r - a ring of resist corrosion
Scrolls
 c - 10 scrolls of identify {unknown}
 e - 2 scrolls of immolation {unknown}
 g - 2 scrolls of magic mapping {unknown}
 j - a scroll of fear {unknown}
 l - 4 scrolls of teleportation {unknown}
 n - 2 scrolls of blinking {unknown}
 p - 2 scrolls of acquirement {unknown}
 q - a scroll of amnesia {unknown}
Potions
 b - a potion of magic
 i - 2 potions of brilliance {unknown}
 k - a potion of invisibility {unknown}
 m - a potion of might {unknown}


   Skills:
 - Level 2.1 Dodging
 - Level 2.0 Stealth
 + Level 5.1 Spellcasting
 - Level 4.0 Conjurations
 + Level 8.1 Air Magic


You had 6 spell levels left.
You knew the following spells:

 Your Spells              Type           Power      Damage    Failure   Level
a - Shock                 Conj/Air       88%        1d8       1%          1
b - Static Discharge      Conj/Air       44%        2-4/arc   1%          2
c - Swiftness             Air            28%        N/A       1%          3
d - Airstrike             Air            14%        2d(2-18)  5%          4

Your spell library contained the following spells:

 Spells                   Type           Power      Damage    Failure   Level
 Iskenderun's Battlesphe  Conj           15%        2d7       65%         5
 Fireball                 Conj/Fire      4%         3d4       89%         5
 Conjure Ball Lightning   Conj/Air       11%        3x3d6     90%         6
 Summon Forest            Summ/Tloc      1%         N/A       99%         5
 Summon Mana Viper        Hex/Summ       3%         N/A       99%         5
 Summon Cactus Giant      Summ           1%         N/A       100%        6
 Orb of Destruction       Conj           7%         9d6       100%        7


Dungeon Overview and Level Annotations

Branches:
Dungeon (4/15)
 Temple: D:4-7

Altars:
Trog

Annotations:
D:4 Eustachio


Innate Abilities, Weirdness & Mutations

You have a beak for a mouth.
You have claws for feet.
Your magical nature lets you fly swiftly and evasively.
You possess an exceptional clarity of mind.
Your body sometimes deteriorates upon taking damage.


Message History

The zap hits Eustachio.
Eustachio is lightly wounded.
Eustachio hits you with a +2 rapier of venom.
Your body deteriorates!
You feel dopey.
You are poisoned.
Casting: Shock (safe; 1% risk of failure)
Confirm with . or Enter, or press ? or * to list all spells.
Eustachio is struck by an arc of lightning.
Eustachio is moderately wounded.
You are struck by an arc of lightning.
The lightning grounds out.
You feel very sick. Eustachio closely misses you.
Casting: Static Discharge (safe; 1% risk of failure)
Confirm with . or Enter, or press ? or * to list all spells.
Eustachio is struck by an arc of lightning.
Eustachio is moderately wounded.
You are struck by an arc of lightning.
The lightning grounds out.
You feel very sick. Eustachio closely misses you.
Casting: Static Discharge (safe; 1% risk of failure)
Confirm with . or Enter, or press ? or * to list all spells.
Eustachio is struck by an arc of lightning.
Eustachio is heavily wounded.
You are struck by an arc of lightning.
Eustachio is struck by an arc of lightning.
Eustachio is severely wounded.
The lightning grounds out.
You feel sick.
Eustachio hits you with a +2 rapier of venom!
* * * LOW HITPOINT WARNING * * *
You are lethally poisoned!
Unknown command.
Casting: Static Discharge (safe; 1% risk of failure)
Confirm with . or Enter, or press ? or * to list all spells.
Eustachio is struck by an arc of lightning.
Eustachio is severely wounded.
You are struck by an arc of lightning.
* * * LOW HITPOINT WARNING * * *
Eustachio is struck by an arc of lightning.
Eustachio is almost dead.
The lightning grounds out.
You die...

#......####'###........
#......# #.# #########
#####+## #.# #.#####.#
#.#.....# ## #.#.#####
.# #.#.# .# ###@#.# .#
#...@.# .# #.#.### .#
#. .# #. .# #. .# #. .#
#. .# #. .


You could see Eustachio.

Vanquished Creatures
  Edmund (D:4)
  2 bullfrogs
  A scorpion (D:4)
  A jelly (D:4)
  An orc priest (D:4)
  2 iguanas
  An orc wizard (D:4)
  Robin (D:3)
  3 gnolls (D:2)
  3 adders
  A white imp (D:4)
  2 worms
  4 dart slugs
  13 orcs
  9 ball pythons
  9 endoplasms
  4 giant cockroaches
  13 goblins
  15 hobgoblins
  6 jackals
  6 quokkas
  4 bats
  7 frilled lizards
  15 kobolds
  9 rats
133 creatures vanquished.

Notes
Turn   | Place    | Note
-------+----------+-------------------------------------------
     0 | D:1      | growler the Tengu Air Elementalist began the quest for the
                  | Orb.
     0 | D:1      | Reached XP level 1. HP: 10/10 MP: 4/4
   186 | D:1      | Reached XP level 2. HP: 15/15 MP: 4/6
   189 | D:1      | Learned a level 2 spell: Static Discharge
   733 | D:1      | Reached XP level 3. HP: 19/19 MP: 1/7
   737 | D:1      | Learned a level 3 spell: Swiftness
  1793 | D:2      | Reached XP level 4. HP: 24/24 MP: 5/9
  1905 | D:2      | Reached skill level 5 in Air Magic
  2790 | D:3      | Gained mutation: Your magical nature lets you fly swiftly
                  | and evasively. [Tengu growth]
  2790 | D:3      | Reached XP level 5. HP: 25/28 MP: 7/10
  2916 | D:2      | Learned a level 4 spell: Airstrike
  3133 | D:3      | Reached skill level 6 in Air Magic
  3453 | D:3      | Reached XP level 6. HP: 32/32 MP: 8/12
  3711 | D:3      | Noticed Robin
  4145 | D:3      | Killed Robin
  4407 | D:4      | HP: 1/32 [/static electricity (1)]
  4410 | D:4      | Gained mutation: Your body sometimes deteriorates upon
                  | taking damage. [potion of mutation]
  4410 | D:4      | Gained mutation: You possess an exceptional clarity of
                  | mind. [potion of mutation]
  4609 | D:4      | Reached skill level 7 in Air Magic
  4781 | D:4      | Reached XP level 7. HP: 36/36 MP: 8/14
  4867 | D:4      | Found a bloodstained altar of Trog.
  5202 | D:4      | Noticed Edmund
  5217 | D:4      | Killed Edmund
  5218 | D:4      | Reached skill level 5 in Spellcasting
  5218 | D:4      | Reached skill level 8 in Air Magic
  5358 | D:4      | Noticed Eustachio
  5365 | D:4      | Succumbed to Eustachio's poison

Illustrated notes

Levels and vault maps discovered:
D:1:      wander_arrival_abandoned_jail, layout_basic, lexackson_kobold_supper
D:2:      layout_rooms, nicolae_hexahallways
D:3:      layout_basic, uniq_robin
D:4:      layout_basic, bloody_trog, uniq_eustachio, uniq_edmund

Skill      XL: |  1  2  3  4  5  6  7 |
---------------+----------------------+-----
Conjurations   | 2 3 4 |  4.0
Air Magic      | 5 6 7 8 |  8.1
Spellcasting   | 3 4 5 |  5.1
Dodging        | |  2.1
Stealth        | |  2.0

Action                     |  1- 3 |  4- 6 |  7- 9 || total
---------------------------+-------+-------+-------++-------
  Melee: Unarmed           |     7 |    16 |     2 ||    25
         Peck              |     1 |     1 |       ||     2
         Kick              |       |     1 |     1 ||     2
   Cast: Shock             |    86 |   149 |    26 ||   261
         Static Discharge  |     1 |    14 |     9 ||    24
         Airstrike         |       |       |     3 ||     3
    Use: Potion            |       |     4 |       ||     4
 Armour: Robe              |     4 |     5 |       ||     9
         Skin              |       |    12 |       ||    12
  Dodge: Dodged            |    17 |    33 |     6 ||    56
